Moon, chaotic male elven Priest ------- ------------------ ---..||.|---|................|---- --....-|.|...|................|..@| --- |......|.|...-..--|--.........|fm!| --.. --.....|.|...|..|...|..-----..|[@.| ----.------........-----..|...|--|(..|..--|--- - |.<....................)..|...| |((.).............- ---....---------............|---| |(..|...@..--+- | |..........| ---....----..[|(((|+------..{...| |.........-- |....|.| +...|(((|.............| |........-- ---.---|.| |...|...--+-.....---.-- |........| |...| |.----...--|-- |..-|-- .. ---...|..----.--- |...|...(....| |..|..| --- |..----.....-- |...|..#.....----..|..| ---- --.....-- |...|-....{........|..| --.....----...--..|....#.....---- |.......|........--............ -.---......----........--------- .. ----...| ---.....-- |. --.-- --.|.-- -- --- ----- Moon the Adept Experience level: 6 Strength: 11 Dexterity: 11 Constitution: 12 Intelligence: 12 Wisdom: 20 Charisma: 13 Health: 0(31) Energy: 67(103) Def: 6 Gold: 707 Moves: 3353 Dungeon seed: pEChAm4gdYfmMXyH Game ID: Moon_1615728397 Your Inventory: Coins $ - 707 gold pieces Weapons a - a blessed +1 mace (weapon in hand) C - a +0 dagger F - a blessed +0 bow (alternate weapon; not wielded) O - 47 +0 arrows (in quiver) V - 10 +1 arrows Armor e - a +0 robe (being worn) n - a +0 small shield (being worn) I - a +0 dwarvish iron helm (being worn) S - a blessed +0 pair of speed boots (being worn) Comestibles c - a clove of garlic d - a sprig of wolfsbane X - 2 food rations Scrolls i - a scroll of identify l - a cursed scroll of enchant armor u - a scroll of light U - a cursed scroll of create monster Z - a blessed scroll of teleportation Spellbooks f - a spellbook of healing g - a spellbook of clairvoyance v - a blessed spellbook of force bolt D - a blessed spellbook of cancellation Potions b - 2 potions of holy water j - a potion of monster detection p - a potion of healing s - a potion of unholy water E - a cursed potion of oil M - a potion of speed Rings k - a cursed ring of warning T - a cursed ring of polymorph W - a ring of poison resistance (on left hand) Wands w - a wand of light (0:11) H - a wand of digging (0:8) Tools h - a wooden flute B - 26 tallow candles (0:200) K - a brass lantern (0:1100) L - a cursed magic lamp Q - a partly used wax candle (0:79) Gems m - a worthless piece of red glass r - an obsidian stone y - an amber stone z - 2 worthless pieces of yellow glass N - 3 worthless pieces of white glass R - a luckstone Y - a worthless piece of blue glass Spells and supernatural/magical abilities: Name Level Category Fail Memory a - force bolt 1 attack 0% 91% h - healing 1 healing 0% 84% v - clairvoyance 3 divination 57% 84% C - cancellation 7 matter 99% 93% W - pray for help -- divine ? -- X - turn undead -- divine ? -- Your skills at the end: Fighting Skills Weapon Skills mace [Basic] Spellcasting Skills clerical spells [Basic] Final Attributes: You were piously aligned. You were sleep resistant. You were poison resistant. You had infravision. You were held by a giant mimic. You were very fast. You were lucky. You had extra luck. Bad luck did not time out for you. Good luck did not time out for you. You are dead. Vanquished creatures: 3 small mimics a dog 2 dust vortices a rock mole a fog cloud 8 gnome lords 2 gnomish wizards a black naga hatchling a baby crocodile a little dog a kitten 9 dwarves a kobold shaman a rabid rat a giant bat 2 dwarf zombies an iguana 4 coyotes a gas spore 4 hobbits 7 giant rats a cave spider a yellow mold 29 gnomes 2 gnome zombies 2 geckos 4 jackals 2 foxes a kobold 2 goblins 3 grid bugs 2 lichens a kobold zombie 3 newts 106 creatures vanquished. Voluntary challenges: You used a wielded weapon 90 times, starting on turn 23. You read items or engraved 70 times, starting on turn 249. You never genocided any monsters. You never polymorphed an object. You never changed form. You used no wishes. You never split a pudding. You never wrote Elbereth's name. You never violated your personal moral code. Dungeon overview: The Dungeons of Doom: levels 1 to 4 Level 1 an altar to Shan Lai Ching, a sink a long staircase Level 2 a fountain Level 3 some fountains Level 4 stairs to The Gnomish Mines The Gnomish Mines: levels 5 to 8 Level 5 stairs to The Dungeons of Doom Level 6 Level 7 Level 8 <- You were here some shops, some fountains, some trees History has recorded: On T:1 you entered the Dungeons of Doom to retrieve the Amulet of Yendor! On T:364 you reached level 2 of The Dungeons of Doom. On T:577 you advanced to experience level 2. On T:828 you reached level 3 of The Dungeons of Doom. On T:1161 you reached level 4 of The Dungeons of Doom. On T:1279 you advanced to experience level 3. On T:1492 you reached level 1 of The Gnomish Mines. On T:1594 you advanced to experience level 4. On T:1800 you advanced to experience level 5. On T:2018 you reached level 2 of The Gnomish Mines. On T:2568 you reached level 3 of The Gnomish Mines. On T:2634 you advanced to experience level 6. On T:2953 you reached level 4 of The Gnomish Mines. Score breakdown: Gold: 707 ( 9694 points) Experience: 6 levels (12456 points) Exploration: 8 levels ( 15.69%) (11224 points) Discoveries: 12 items ( 4.20%) ( 6145 points) Valuables value: (no points given unless you survive) Artifact value: 0 ( 0 points) Variety of kills: 34 monsters ( 8.92%) ( 8961 points) Turncount: 3353 turns ( -764 points) Survival: died (score multiplied by 80%) Total score: 38172 Latest messages: A mirror shatters into a thousand pieces! You owe Kinojevis 10 zorkmids for it! You owe Kinojevis 10 zorkmids for the use of merchandise. You pay that debt. "Thank you for shopping in Kinojevis' general store!" The spell hits the giant mimic! The giant mimic resists! You hit the giant mimic! The giant mimic hits! (2x) You feel better. You hit the giant mimic! You miss the giant mimic. Qwerty drops a pink potion. You hit the giant mimic! You hit the giant mimic. (2x) The giant mimic hits! (2x) You die... Kinojevis gratefully inherits all your possessions. Final status: Goodbye Moon the Priest, killed by a giant mimic... You died in The Gnomish Mines on dungeon level 8 with 38172 points, and 707 pieces of gold, after 3353 moves. You were level 6 with a maximum of 31 hit points when you died.